 Dungeon Crawl Stone Soup version 0.27-a0-412-g8dd771eca2 (webtiles) character file.

Game seed: 14028267473693457828

1698 Murumi the Chucker (level 9, -7/88 HPs)
             Began as an Ogre Gladiator on Feb 24, 2021.
             Was a Believer of Okawaru.
             Mangled by a centaur (8 damage)
             ... on level 6 of the Dungeon.
             The game lasted 00:23:19 (7183 turns).

Murumi the Chucker (Ogre Gladiator)                 Turns: 7183, Time: 00:23:20

Health: -7/88      AC:  8    Str: 20    XL:     9   Next: 3%
Magic:  10/10      EV: 10    Int: 12    God:    Okawaru [**....]
Gold:   326        SH:  0    Dex: 10    Spells: 8/8 levels left

rFire    . . .     SeeInvis .   a - +3 dire flail (freeze)
rCold    . . .     Faith    .   (shield currently unavailable)
rNeg     . . .     Spirit   .   b - +0 robe
rPois    .         Reflect  .   c - +1 hat
rElec    .         Harm     .   (no cloak)
rCorr    .         Rampage  .   (gloves unavailable)
Will     .....                  (boots unavailable)
Stlth    ++........             (no amulet)
HPRegen  0.24/turn              h - +4 ring of protection
MPRegen  0.12/turn              i - +4 ring of slaying

@: no status effects
A: large, unfitting armour, tough skin 1
a: Renounce Religion, Heroism


You were on level 6 of the Dungeon.
You worshipped Okawaru.
Okawaru was pleased with you.
You visited 2 branches of the dungeon, and saw 7 of its levels.

You collected 326 gold pieces.

Inventory:

Hand Weapons
 a - a +3 dire flail of freezing (weapon)
 t - a +0 giant club
Missiles
 d - 3 throwing nets
 f - 140 stones
 r - 5 atropa-tipped darts (quivered)
 v - 11 poisoned darts
 A - 9 boomerangs
Armour
 b - a +0 robe (worn)
 c - a +1 hat (worn)
Jewellery
 h - a +4 ring of protection (left hand)
 i - a +4 ring of slaying (right hand)
 w - a ring of fire
Scrolls
 g - 3 scrolls of teleportation
 m - 3 scrolls of enchant armour
 x - a scroll of fear
 y - a scroll of magic mapping
Potions
 e - 3 potions of ambrosia
 j - a potion of magic
 l - 2 potions of haste
 o - 2 potions of curing
 p - 2 potions of heal wounds
 q - a potion of attraction
 s - a potion of brilliance
 u - a potion of berserk rage {unknown}
 z - 2 potions of mutation


   Skills:
 - Level 5.0 Fighting
 - Level 6.0 Maces & Flails
 - Level 7.0 Throwing
 - Level 1.0 Armour
 - Level 3.0 Dodging
 + Level 4.1 Stealth
 - Level 2.0 Invocations


You had 8 spell levels left.
You didn't know any spells.
Your spell library contained the following spells:

 Spells                   Type           Power        Failure   Level
 Animate Skeleton         Necr           0%           32%         1
 Apportation              Tloc           0%           32%         1
 Corona                   Hex            0%           32%         1
 Summon Small Mammal      Summ           0%           32%         1


Dungeon Overview and Level Annotations

Branches:
Dungeon (6/15)             Temple (1/1) D:4

Altars:
Ashenzari
Cheibriados
Dithmenos
Elyvilon
Fedhas
Hepliaklqana
Kikubaaqudgha
Makhleb
Nemelex Xobeh
Okawaru
Qazlal
Ru
Sif Muna
Trog
Uskayaw
Vehumet
Wu Jian
Xom
Yredelemnul
Zin
The Shining One

Shops:
D:5 *


Innate Abilities, Weirdness & Mutations

You are too large for most types of armour.
You have tough skin. (AC +1)


Message History

Okawaru accepts your kill.
An orc comes into view.
The orc hits you but does no damage.
Items here: ( )) [[.
You hit the orc. You freeze the orc.
You kill the orc!
Okawaru accepts your kill.
Your life force feels restored.
You impale the orc!! You freeze the orc.
You kill the orc!
Okawaru accepts your kill.
You hit the orc priest. You freeze the orc priest.
The orc priest is moderately wounded.
You barely miss the orc priest.
The orc priest is moderately wounded.
The orc priest closely misses you.
You hit the orc priest. You freeze the orc priest.
The orc priest is heavily wounded.
The orc priest calls down the wrath of Beogh upon you.
Pain shoots through your body!
* * * LOW HITPOINT WARNING * * *
You barely miss the orc priest.
The orc priest is heavily wounded.
The orc priest completely misses you.
You bludgeon the orc priest!! You freeze the orc priest.
You kill the orc priest!
Okawaru accepts your kill.
Base training target 6.0 for Maces & Flails reached!
Your base Maces & Flails skill increases to level 6!
You need to enable at least one skill for training.
You feel like a meek peon again.
A centaur comes into view.
Items here: )) ††.
The centaur shouts!
The centaur wields a +0 shortbow.
The centaur shoots an arrow.
The arrow hits you!
* * * LOW HITPOINT WARNING * * *
Items here: ( )) [[.
The centaur unwields a +0 shortbow.
The centaur hits you!
You die...

#.########## #### #.#
..# #.# #.# #.# #.# ##
#.# #.# ##.###.#######
####.#####.............
$....<......((..######.
###.####.#####..@)..)#
#. # #.c####.# #. #..#
.# #. #..# .# #. #..#
.# .. ...# .# ##### .#
.#


You could see a centaur.

Vanquished Creatures
  A water moccasin (D:5)
  An orc warrior (D:6)
  An ice beast (D:6)
  An ogre (D:4)
  2 centaurs
  A phantom (D:4)
  5 wights (D:6)
  A howler monkey (D:6)
  2 hounds
  6 orc priests
  Jessica (D:2)
  An iguana (D:5)
  6 orc wizards
  6 worker ants
  A killer bee zombie (D:5)
  A hound zombie (D:5)
  10 adders
  A white imp (D:6)
  An adder skeleton (D:3)
  4 worms
  2 leopard geckos
  20 orcs
  4 bats
  3 giant cockroaches
  14 goblins
  8 hobgoblins
  4 quokkas
  A ball python (D:1)
  6 frilled lizards
  A jackal skeleton (D:5)
  8 kobolds
  A leopard gecko zombie (D:6)
  4 rats
129 creatures vanquished.

Vanquished Creatures (others)
  An orc wizard (D:4)
  2 plants (D:3)
3 creatures vanquished.

Grand Total: 132 creatures vanquished

Notes
Turn   | Place    | Note
-------+----------+-------------------------------------------
     0 | D:1      | Murumi the Ogre Gladiator began the quest for the Orb.
     0 | D:1      | Reached XP level 1. HP: 22/22 MP: 1/1
   204 | D:1      | You fall into a shaft and drop 1 floor!
   357 | D:1      | Reached XP level 2. HP: 19/31 MP: 2/2
  1277 | D:1      | Reached skill level 1 in Stealth
  1334 | D:1      | Reached XP level 3. HP: 37/37 MP: 3/3
  2084 | D:2      | Reached XP level 4. HP: 45/45 MP: 4/4
  2434 | D:2      | Noticed Jessica
  2437 | D:2      | Killed Jessica
  2438 | D:2      | Reached skill level 3 in Throwing
  2790 | D:3      | Reached XP level 5. HP: 53/53 MP: 5/5
  2816 | D:3      | Reached skill level 4 in Throwing
  3110 | D:3      | Found a blossoming altar of Fedhas.
  3338 | D:3      | Reached XP level 6. HP: 61/61 MP: 6/6
  3875 | D:4      | Found a staircase to the Ecumenical Temple.
  3885 | Temple   | Entered the Ecumenical Temple
  4192 | Temple   | Became a worshipper of Warmaster Okawaru
  4226 | D:4      | Reached skill level 1 in Invocations
  4421 | D:4      | Reached skill level 1 in Armour
  4421 | D:4      | Reached XP level 7. HP: 70/70 MP: 7/7
  4827 | D:4      | Reached skill level 5 in Throwing
  5012 | D:4      | Reached * piety under Okawaru
  5401 | D:5      | Entered Level 5 of the Dungeon
  5401 | D:5      | Found Item's General Store.
  5767 | D:5      | Reached XP level 8. HP: 63/78 MP: 8/8
  5970 | D:5      | Reached skill level 5 in Maces & Flails
  6544 | D:6      | Reached skill level 6 in Throwing
  6630 | D:6      | Reached skill level 5 in Fighting
  7017 | D:6      | Reached ** piety under Okawaru
  7054 | D:6      | Reached skill level 7 in Throwing
  7164 | D:6      | Reached XP level 9. HP: 13/88 MP: 10/10
  7182 | D:6      | HP: 1/88 [centaur/arrow (8)]
  7183 | D:6      | Mangled by a centaur

Illustrated notes

Levels and vault maps discovered:
D:1:      ncdulo_halloftheorcs, layout_basic, amcnicky_mini_corridor_feature
D:2:      layout_loops_ring, uniq_jessica
D:3:      layout_loops_cross, fedhas_ov_isle_minmay
D:4:      layout_layer_cave, minmay_temple_entry_offerings
D:5:      layout_basic, serial_shops, shop
D:6:      layout_loops_ring
Temple:   regret_index_temple_sigil_plot

Skill      XL: |  1  2  3  4  5  6  7  8  9 |
---------------+----------------------------+-----
Fighting       | 3 4 5 |  5.0
Maces & Flails | 3 4 5 6 |  6.0
Dodging        | 3 |  3.0
Stealth        | 1 2 3 4 |  4.1
Throwing       | 3 4 5 7 |  7.0
Invocations    | 1 2 |  2.0
Armour         | 1 |  1.0

Action                   |  1- 3 |  4- 6 |  7- 9 || total
-------------------------+-------+-------+-------++-------
Melee: Flail             |    43 |       |    35 ||    78
       Whip              |    20 |   128 |   122 ||   270
       Dire flail        |       |       |    22 ||    22
Throw: Stone             |    49 |    58 |    66 ||   173
       Dart              |       |     3 |     5 ||     8
       Boomerang         |       |       |     5 ||     5
Invok: Heroism           |       |       |     1 ||     1
  Use: Scroll            |     3 |     9 |     5 ||    17
 Stab: Sleeping          |     1 |     3 |     9 ||    13
       Invisible         |       |     1 |       ||     1
Armor: Robe              |    12 |    41 |    58 ||   111
Dodge: Dodged            |    21 |    46 |    65 ||   132

Table legend: (Time is in decaauts)
 A = Elapsed time spent in this place.
 B = Non-inter-level travel time spent in this place.
 C = Inter-level travel time spent in this place.
 D = Time resting spent in this place.
 E = Time spent auto-exploring this place.
 F = Levels seen in this place.
 G = Mean time per level.
                   A        B        C        D        E       F      G
               +--------+--------+--------+--------+--------+-----+--------+
         Total |   7163 |   6615 |    548 |     59 |   5592 |   7 | 1023.3 |
       Dungeon |   6836 |   6333 |    503 |     59 |   5312 |   6 | 1139.3 |
        Temple |    326 |    281 |     45 |      0 |    280 |   1 |  326.0 |
               +--------+--------+--------+--------+--------+-----+--------+

Top non-repeatable levels by time:
     D:1: 1762 daAuts
     D:4: 1553 daAuts
     D:2: 1012 daAuts
     D:5: 949 daAuts
     D:3: 872 daAuts
     D:6: 685 daAuts
  Temple: 326 daAuts
